AoeStats
← Snobyman

Arena

509039182Analyzed
4v4 RM · 8d ago on Sep 25, 2026· 98m 35s· 8 players
Game mode
Random Map
Map size
Large (8 player)
Population
200
Speed
Normal
Resources
Standard
Victory
Conquest
Starting age
Dark Age
Ending age
Imperial Age
RankedLock teamsTeams togetherTeam positionsShared explorationLock speedFull tech treeHidden civsTurbo modeCheats
Victory
Defeat
🇹🇼 Britons · Taiwan
824
+5
🇲🇽 Franks · Mexico
742
+7
🇧🇬 Turks · Bulgaria
701
+8
🇦🇺 Khmer · Australia
384
+19
🇨🇦 Byzantines · Canada
562
-12
🇵🇪 Franks · Peru
558
-12
🇨🇳 Teutons · China
458
-8
🇧🇴 Spanish · Bolivia
444
-7
DAZACO
10:48 Feudal Age
15:39 Castle Age
15:39 Double-Bit Axe
15:38 Horse Collar
19:06 Heavy Plow
22:28 Scale Mail Armor
22:39 Forging
25:09 Gold Mining
26:59 Bow Saw
26:59 Scale Barding Armor
26:59 Caravan
28:06 Loom
31:22 Wheelbarrow
31:15 Chain Barding Armor
31:31 Iron Casting
30:55 Stone Mining
31:41 Gold Shaft Mining
31:32 Ballistics
31:25 Fortified Wall
30:59 Treadmill Crane
31:15 Murder Holes
31:11 Guard Tower
32:26 Fletching
32:37 Padded Archer Armor
32:59 Chain Mail Armor
35:23 Imperial Age
33:44 Husbandry
37:03 Keep
36:15 Arrowslits
37:31 Chemistry
37:13 Plate Barding Armor
37:09 Plate Mail Armor
39:10 Two-Man Saw
38:43 Crop Rotation
38:52 Stone Shaft Mining
38:37 Leather Archer Armor
39:28 Hand Cart
39:49 Elite Cataphract
42:13 Elite Varangian Guard
44:15 Elite Skirmisher
45:29 Ring Archer Armor
44:54 Bodkin Arrow
47:57 Thumb Ring
48:06 Cavalier
48:32 Man-at-Arms
48:58 Gambesons
48:33 Pikeman
49:14 Squires
48:59 Arson
49:40 Thumb Ring
49:43 Bracer
53:19 Crossbowman
54:38 Halberdier
54:38 Long Swordsman
57:47 Logistica
57:06 Arbalester
69:46 Onager
wfcwilly
5:43 Loom
12:06 Feudal Age
12:29 Horse Collar
12:41 Double-Bit Axe
15:12 Wheelbarrow
18:44 Gold Mining
18:45 Stone Mining
22:44 Castle Age
23:26 Heavy Plow
23:40 Bow Saw
24:47 Stone Shaft Mining
26:35 Hand Cart
27:02 Scale Mail Armor
27:03 Padded Archer Armor
27:11 Scale Barding Armor
33:16 Imperial Age
35:08 Two-Man Saw
34:34 Chain Barding Armor
34:31 Chain Mail Armor
36:17 Elite Conquistador
37:09 Inquisition
39:10 Chemistry
38:29 Cavalier
39:29 Husbandry
40:15 Arrowslits
44:42 Paladin
47:03 Illumination
48:57 Plate Barding Armor
50:26 Man-at-Arms
狄奥德米将军
14:26 Feudal Age
15:48 Stone Mining
15:41 Horse Collar
15:50 Double-Bit Axe
17:06 Gold Mining
21:35 Castle Age
23:34 Bow Saw
23:27 Heavy Plow
22:51 Elite Skirmisher
23:23 Fletching
28:55 Wheelbarrow
31:55 Imperial Age
30:38 Masonry
31:28 Caravan
32:11 Hand Cart
32:06 Padded Archer Armor
32:02 Bodkin Arrow
33:29 Crop Rotation
34:01 Two-Man Saw
33:32 Scale Barding Armor
33:40 Forging
34:46 Leather Archer Armor
35:37 Chemistry
34:49 Fortified Wall
35:03 Conscription
36:07 Hoardings
36:48 Onager
38:46 Chain Barding Armor
39:02 Iron Casting
38:13 Cavalier
39:06 Bloodlines
40:41 Plate Barding Armor
41:15 Scale Mail Armor
42:16 Blast Furnace
42:19 Crenellations
42:46 Ballistics
42:17 Arrowslits
71:09 Chain Mail Armor
73:18 Plate Mail Armor
72:57 Pikeman
73:38 Squires
73:25 Arson
74:27 Halberdier
74:48 Paladin
76:14 Guilds
83:42 Elite Teutonic Knight
kaifanestro
7:25 Loom
9:43 Feudal Age
13:01 Wheelbarrow
12:45 Double-Bit Axe
15:46 Gold Mining
19:17 Castle Age
17:42 Stone Mining
20:24 Bow Saw
24:30 Hand Cart
25:00 Fletching
30:21 Imperial Age
29:59 Bodkin Arrow
30:15 Forging
30:11 Scale Barding Armor
31:13 Coinage
33:01 Caravan
33:25 Husbandry
35:46 Banking
36:27 Iron Casting
36:13 Chain Barding Armor
35:17 Cavalier
36:49 Conscription
36:30 Chivalry
37:31 Paladin
41:09 Blast Furnace
40:45 Plate Barding Armor
71:55 Scale Mail Armor
74:26 Chain Mail Armor
77:23 Plate Mail Armor
81:25 Pikeman
82:05 Squires
81:51 Arson
82:32 Halberdier
Campos1372
7:08 Loom
11:51 Feudal Age
12:28 Double-Bit Axe
18:45 Castle Age
17:23 Stone Mining
17:25 Gold Mining
27:31 Light Cavalry
29:36 Husbandry
30:19 Pikeman
30:59 Squires
30:45 Arson
34:45 Imperial Age
34:53 Scale Barding Armor
34:59 Forging
36:31 Wheelbarrow
35:42 Town Watch
37:02 Chemistry
35:58 Murder Holes
36:13 Fortified Wall
35:36 Halberdier
37:06 Iron Casting
36:33 Scale Mail Armor
37:26 Gold Shaft Mining
37:18 Capped Ram
39:53 Blast Furnace
39:09 Chain Mail Armor
39:14 Chain Barding Armor
38:45 Fletching
38:55 Padded Archer Armor
39:50 Chivalry
39:20 Cavalier
42:57 Hoardings
44:02 Plate Barding Armor
43:57 Plate Mail Armor
43:25 Bodkin Arrow
44:16 Leather Archer Armor
45:27 Hand Cart
45:13 Town Patrol
45:05 Elite Throwing Axeman
46:19 Masonry
45:47 Ordonnance Companies
47:20 Paladin
48:44 Bow Saw
51:01 Caravan
87:53 Spies/Treason
small650305
10:28 Feudal Age
10:58 Double-Bit Axe
10:57 Horse Collar
18:25 Castle Age
17:27 Loom
20:50 Bow Saw
20:34 Crossbowman
23:14 Fletching
27:42 Bodkin Arrow
28:28 Town Watch
29:19 Wheelbarrow
30:27 Padded Archer Armor
33:05 Imperial Age
30:36 Gold Mining
30:37 Stone Mining
33:03 Leather Archer Armor
33:53 Gold Shaft Mining
34:30 Conscription
34:36 Yeomen
33:38 Elite Longbowman
35:11 Hand Cart
37:06 Ballistics
38:00 Bracer
38:32 Ring Archer Armor
39:54 Chemistry
40:42 Scale Barding Armor
40:49 Forging
42:11 Town Patrol
41:55 Treadmill Crane
42:11 Murder Holes
42:22 Siege Engineers
42:28 Masonry
43:48 Two-Man Saw
45:03 Warwolf
45:19 Husbandry
44:40 Light Cavalry
50:20 Architecture
50:03 Fortified Wall
57:28 Heavy Plow
58:15 Iron Casting
58:01 Chain Barding Armor
86:12 Plate Barding Armor
86:39 Blast Furnace
85:47 Caravan
86:18 Coinage
85:59 Guilds
90:04 Cavalier
91:10 Scale Mail Armor
91:51 Hoardings
90:47 Sappers
IskoB
11:16 Feudal Age
11:08 Loom
13:13 Horse Collar
16:42 Castle Age
23:15 Imperial Age
21:10 Double-Bit Axe
25:31 Heavy Plow
27:49 Wheelbarrow
29:50 Padded Archer Armor
31:29 Leather Archer Armor
31:39 Bow Saw
33:20 Hand Cart
33:35 Gold Mining
38:16 Ring Archer Armor
39:07 Stone Mining
39:57 Town Watch
42:39 Two-Man Saw
53:51 Conscription
63:02 Scale Barding Armor
63:08 Forging
63:19 Husbandry
63:30 Bloodlines
64:59 Chain Barding Armor
65:19 Iron Casting
69:40 Plate Barding Armor
70:10 Blast Furnace
77:33 Murder Holes
98:41 Guilds
98:35 Spies/Treason
Snobyman
0:51 Loom
18:21 Feudal Age
19:40 Wheelbarrow
22:37 Castle Age
22:41 Gold Mining
22:42 Stone Mining
22:41 Double-Bit Axe
22:39 Horse Collar
27:44 Imperial Age
26:22 Hand Cart
28:08 Forging
27:50 Fletching
28:00 Padded Archer Armor
28:01 Scale Mail Armor
28:24 Scale Barding Armor
29:30 Gold Shaft Mining
29:31 Stone Shaft Mining
29:13 Tusk Swords
31:55 Heavy Plow
32:11 Bow Saw
33:14 Caravan
34:13 Coinage
34:17 Masonry
34:21 Fortified Wall
34:07 Heated Shot
Connection lost

Rejoining the realm…

Still unreachable

The connection could not be restored.

Session expired

The server has moved on; the page needs a fresh start.